 Seeded DCSS version 0.28.0-47-ge53b351184 (webtiles) character file.

Game seed: 523019199727972820 (custom seed)

38694 thiscave3701365 the Severer (level 13, -2/122 HPs)
             Began as a Minotaur Berserker on May 10, 2022.
             Was a High Priest of Trog.
             Shot with an arrow by Nessos (3 damage)
             ... on level 4 of the Lair of Beasts.
             The game lasted 00:20:05 (18899 turns).

thiscave3701365 the Severer (Minotaur Berserker)   Turns: 18899, Time: 00:20:05

Health: -2/122     AC: 30    Str: 34    XL:     13   Next: 65%
Magic:  21/21      EV:  8    Int:  4    God:    Trog [*****.]
Gold:   494        SH:  0    Dex: 10    Spells: 12/12 levels left

rFire   . . .      SeeInvis .   k - +4 executioner's axe of Dismemberment {freeze, Str+3}
rCold   . . .      Faith    .   (shield currently unavailable)
rNeg    . . .      Spirit   .   C - +0 crystal plate armour
rPois   .          Reflect  .   (helmet restricted)
rElec   .          Harm     .   H - +0 cloak
rCorr   .          Rampage  +   J - +2 pair of gloves "Dethradghoan" {Rampage Regen+ MP+9 Str+4}
Will    .....                   I - +0 pair of boots
Stlth   ..........              z - amulet of regeneration
HPRegen 1.90/turn               (no ring)
MPRegen 0.17/turn               (no ring)

@: lethally poisoned (-2 -> -3), on berserk cooldown, slowed, very slow
A: horns 2, retaliatory headbutt
a: Renounce Religion, Berserk, Trog's Hand, Brothers in Arms


You were on level 4 of the Lair of Beasts.
You worshipped Trog.
Trog was extremely pleased with you.
You visited 2 branches of the dungeon, and saw 16 of its levels.

You collected 854 gold pieces.
You spent 360 gold pieces at shops.

Inventory:

Hand Weapons
 k - the +4 executioner's axe of Dismemberment (weapon) {freeze, Str+3}
   (You acquired it on level 7 of the Dungeon)

   It freezes those it strikes, dealing additional cold damage.
   It can also slow down cold-blooded creatures.
   Str:       It affects your strength (+3).
Missiles
 j - 2 throwing nets
Armour
 y - a +0 tower shield
 C - a +0 crystal plate armour (worn)
 H - a +0 cloak (worn)
 I - a +0 pair of boots (worn)
 J - the +2 pair of gloves "Dethradghoan" (worn) {Rampage Regen+ MP+9 Str+4}
   (You found it on level 2 of the Lair of Beasts)

   Str:       It affects your strength (+4).
   MP:        It affects your magic capacity (+9).
   Regen:     It increases your rate of health regeneration.
   Rampage:   It bestows one free step when moving towards enemies.
Jewellery
 l - an amulet of guardian spirit
 x - the ring "Juneag" {rPois MP+9}
   (You found it on level 3 of the Lair of Beasts)

   [ring of magical power]

   rPois:     It protects you from poison.
   MP:        It affects your magic capacity (+9).
 z - an amulet of regeneration (around neck)
Wands
 h - a wand of mindburst (12)
 n - a wand of acid (6)
 r - a wand of iceblast (8)
 t - a wand of paralysis (9)
 A - a wand of flame (27)
 B - a wand of charming (4)
Scrolls
 b - 2 scrolls of blinking
 c - a scroll of fog
 e - 4 scrolls of teleportation
 o - a scroll of vulnerability
 v - 2 scrolls of summoning
 D - a scroll of identify
 E - 2 scrolls of immolation
 L - 2 scrolls of fear
Potions
 d - a potion of curing
 f - 2 potions of berserk rage
 g - a potion of resistance
 p - 3 potions of invisibility
 q - a potion of might
 s - a potion of heal wounds
 u - a potion of lignification
 w - a potion of mutation
 F - a potion of cancellation
 G - a potion of experience {unknown}
 K - a potion of attraction {unknown}
Miscellaneous
 a - a piece from Xom's chessboard (15/15)
 i - a lightning rod (4/4)
 m - a condenser vane


   Skills:
 + Level 13.1 Fighting
 + Level 20.3 Axes
 + Level 14.8 Armour
 + Level 3.2 Dodging
 + Level 0.8 Stealth
 + Level 0.9 Unarmed Combat
 + Level 0.1 Evocations


You had 12 spell levels left.
You didn't know any spells.
Your spell library was empty.

Dungeon Overview and Level Annotations

Branches:
Dungeon (12/15)            Temple (0/1) D:4            Lair (4/6) D:10
  Swamp (0/4) Lair:2        Snake (0/4) Lair:3
    Orc: D:9-12

Altars:
Ashenzari
Nemelex Xobeh

Shops:
D:7 *

Annotations:
D:9 1 runed translucent door, JuniperTheExplorer's ghost, novice PaFi
Lair:4 Nessos


Innate Abilities, Weirdness & Mutations

You have a pair of horns on your head.
You reflexively headbutt those who attack you in melee.


Message History

Nessos shoots an arrow.
The arrow hits you!
* * * LOW HITPOINT WARNING * * *
The arrow burns you.
You are more poisoned.
* * * LOW HITPOINT WARNING * * *
You feel much better.
* * * LOW HITPOINT WARNING * * *
You feel extremely sick.
Nessos shoots an arrow.
The arrow hits you.
* * * LOW HITPOINT WARNING * * *
The arrow burns you.
You are more poisoned.
* * * LOW HITPOINT WARNING * * *
Nessos casts a spell.
Nessos blinks!
You feel much better.
* * * LOW HITPOINT WARNING * * *
You feel extremely sick.
Nessos gestures wildly while chanting.
Nessos blinks!
You feel better.
Nessos shoots an arrow.
The arrow closely misses your deep troll.
The arrow hits you but does no damage.
Nessos casts a spell.
Nessos blinks!
Nessos intently looks at you, slowly moving their tail.
Nessos shoots an arrow.
The arrow hits you!
* * * LOW HITPOINT WARNING * * *
The arrow burns you.
You are poisoned.
* * * LOW HITPOINT WARNING * * *
Nessos shoots an arrow.
The arrow hits your deep troll! The arrow burns your deep troll.
Your deep troll is poisoned.
You feel very sick.
Nessos casts a spell.
Nessos blinks!
Nessos shoots an arrow.
The arrow hits you!
* * * LOW HITPOINT WARNING * * *
The arrow burns you.
You die...

P....#.### ##..........
#......P# ##....#....
#.....# ##........
##.....## ##.......
#.......## ....###
##...$...# #..#
##.......#### ..
#.........#.##...
####...@...........
...............#..#.....
............c###........
#.##.....T..#.#.........
#####......###..........
##≈.#.....###..........
#≈≈≈≈≈≈≈§..#...........
#.....................
#.≈..≈..###.......†...


You could see Nessos (fast, ally target) and a friendly deep troll (summoned,
berserk, very poisoned).

Vanquished Creatures
  Josephine (D:10)
  Fannar (Lair:1)
  6 hydras
  A two-headed ogre (D:8)
  Erica (D:10)
  A tengu warrior (D:11)
  Urug (D:10)
  Nergalle (D:10)
  A necromancer (Lair:2)
  2 cyclopes (D:11)
  An ugly thing (D:11)
  7 black mambas
  Joseph (Lair:1)
  A torpor snail (Lair:3)
  4 cane toads
  7 komodo dragons
  A rime drake (Lair:2)
  A troll (D:10)
  Grinder (D:5)
  A hornet (D:9)
  22 blink frogs
  2 shadows
  2 wyverns (Lair:3)
  3 wraiths (D:10)
  2 steam dragons
  4 vampire mosquitoes (D:11)
  63 yaks
  Menkaure (D:4)
  A basilisk (Lair:2)
  3 nagas (Lair:3)
  The ghost of Fractals the Ducker, an amateur TeGl (D:3)
  2 acid dragons
  7 water moccasins
  3 orc warriors
  A sky beast (D:7)
  22 wolves
  A black bear (Lair:2)
  A necrophage (D:6)
  4 ogres
  2 centaurs (D:9)
  A phantom (D:4)
  A kobold brigand (D:7)
  10 bullfrogs
  A wyvern zombie (D:6)
  4 scorpions
  A wyvern skeleton (D:6)
  5 killer bees (D:9)
  5 wights (D:7)
  2 electric eels (Lair:2)
  A howler monkey (D:4)
  4 centaur zombies
  5 orc priests
  A gnoll shaman (D:4)
  A jelly (D:6)
  10 hounds
  5 iguanas
  Ijyb (D:4)
  8 orc wizards
  4 polar bear simulacra (Lair:2)
  2 wolf simulacra (Lair:2)
  3 yak simulacra (Lair:2)
  A hound zombie (D:5)
  A hound skeleton (D:4)
  A gnoll (D:1)
  A howler monkey zombie (D:9)
  7 adders
  A hound simulacrum (D:3)
  A white imp (D:7)
  An ufetubus (D:5)
  An adder skeleton (D:4)
  3 worms
  A dart slug (D:4)
  An adder simulacrum (D:3)
  24 orcs
  12 endoplasms
  3 giant cockroaches
  4 goblins
  5 hobgoblins
  6 quokkas
  8 ball pythons
  A ball python simulacrum (D:3)
  6 bats
  A frilled lizard (D:1)
  12 kobolds
  8 rats
  2 river rat simulacra (Lair:2)
375 creatures vanquished.

Vanquished Creatures (others)
  12 fungi
  21 plants
33 creatures vanquished.

Grand Total: 408 creatures vanquished

Notes
Turn   | Place    | Note
-------+----------+-------------------------------------------
     0 | D:1      | thiscave3701365 the Minotaur Berserker began the quest for
                  | the Orb.
     0 | D:1      | Reached XP level 1. HP: 19/19 MP: 0/0
   307 | D:1      | Reached skill level 4 in Axes
   307 | D:1      | Reached XP level 2. HP: 26/27 MP: 1/1
   899 | D:1      | Found a faded altar of an unknown god.
  1397 | D:2      | Reached XP level 3. HP: 27/34 MP: 2/2
  1759 | D:2      | Reached ** piety under Trog
  1872 | D:2      | Found a broken altar of Ashenzari.
  2702 | D:3      | Found a runed translucent gate.
  2719 | D:3      | Found a runed translucent gate.
  2719 | D:3      | Found a runed translucent gate.
  2752 | D:3      | Noticed Fractals's ghost (amateur TeGl)
  2799 | D:3      | Reached XP level 4. HP: 33/41 MP: 3/3
  3448 | D:4      | Reached skill level 5 in Axes
  3457 | D:4      | Reached skill level 5 in Fighting
  3457 | D:4      | Reached XP level 5. HP: 32/48 MP: 4/4
  3796 | D:4      | Noticed a phantom
  3797 | D:4      | Reached *** piety under Trog
  3802 | D:4      | Killed a phantom
  3803 | D:4      | Reached skill level 6 in Axes
  3803 | D:4      | Reached XP level 6. HP: 56/56 MP: 5/5
  4017 | D:4      | Noticed Ijyb
  4028 | D:4      | Killed Ijyb
  4295 | D:4      | Found a staircase to the Ecumenical Temple.
  4345 | D:4      | Reached skill level 7 in Axes
  4661 | D:4      | Reached XP level 7. HP: 61/61 MP: 6/6
  4723 | D:5      | Entered Level 5 of the Dungeon
  4723 | D:5      | Noticed Menkaure
  4741 | D:4      | Killed Menkaure
  4742 | D:4      | Reached skill level 5 in Armour
  5445 | D:5      | Reached skill level 8 in Axes
  5853 | D:5      | Reached XP level 8. HP: 59/70 MP: 7/7
  6050 | D:5      | Noticed Grinder
  6064 | D:5      | Paralysed by Grinder for 6 turns
  6070 | D:5      | Killed Grinder
  6712 | D:6      | Reached skill level 9 in Axes
  8863 | D:3      | Killed Fractals's ghost
  8864 | D:3      | Reached skill level 10 in Axes
  8867 | D:3      | Reached XP level 9. HP: 78/78 MP: 8/8
  9344 | D:7      | Found a sparkling altar of Nemelex Xobeh.
 10326 | D:7      | Found Poej's Elemental Accessories.
 10333 | D:7      | Bought a lightning rod (4/4) for 360 gold pieces
 10372 | D:7      | Identified a scroll of acquirement
 10372 | D:7      | Acquired the +4 executioner's axe of Dismemberment {freeze,
                  | Str+3}
 10377 | D:8      | Noticed a two-headed ogre
 10384 | D:8      | Killed a two-headed ogre
 10385 | D:8      | Reached skill level 11 in Axes
 10385 | D:8      | Reached skill level 10 in Armour
 10493 | D:9      | Reached **** piety under Trog
 10626 | D:9      | Reached XP level 10. HP: 88/88 MP: 9/9
 10781 | D:9      | Noticed a seven-headed hydra
 10786 | D:9      | HP: 6/132 [ten-headed hydra (11)]
 10787 | D:9      | Killed an 11-headed hydra
 10788 | D:9      | Reached skill level 12 in Axes
 11854 | D:9      | Found a runed translucent door.
 11859 | D:9      | Noticed JuniperTheExplorer's ghost (novice PaFi)
 11996 | D:10     | Entered Level 10 of the Dungeon
 11997 | D:10     | Noticed Josephine
 12005 | D:10     | Reached skill level 13 in Axes
 12007 | D:10     | Killed Josephine
 12093 | D:10     | Noticed Erica
 12097 | D:10     | Noticed Nergalle
 12106 | D:10     | Killed Nergalle
 12107 | D:10     | Reached skill level 14 in Axes
 12107 | D:10     | Reached XP level 11. HP: 97/97 MP: 10/10
 12113 | D:10     | Killed Erica
 12170 | D:10     | Found a staircase to the Lair.
 12376 | D:10     | Noticed Urug
 12386 | D:10     | Killed Urug
 12450 | D:10     | Reached skill level 15 in Axes
 13205 | D:11     | Noticed a tengu warrior
 13214 | D:11     | Reached skill level 10 in Fighting
 13216 | D:11     | Killed a tengu warrior
 13675 | D:11     | Noticed a white ugly thing
 13682 | D:11     | Killed a white ugly thing
 13966 | D:11     | Reached skill level 16 in Axes
 14084 | D:12     | Noticed a two-headed ogre
 14106 | Lair:1   | Entered Level 1 of the Lair of Beasts
 14155 | Lair:1   | Noticed Fannar
 14169 | Lair:1   | Killed Fannar
 14170 | Lair:1   | Reached XP level 12. HP: 29/108 MP: 11/11
 14179 | Lair:1   | Noticed Joseph
 14194 | Lair:1   | Killed Joseph
 14749 | Lair:1   | Reached skill level 17 in Axes
 15199 | Lair:2   | Reached ***** piety under Trog
 15230 | Lair:2   | Noticed a four-headed hydra
 15238 | Lair:2   | Noticed a seven-headed hydra
 15239 | Lair:2   | Killed an eight-headed hydra
 15242 | Lair:2   | Killed a nine-headed hydra
 15293 | Lair:2   | Found a staircase to the Swamp.
 15402 | Lair:2   | Reached skill level 18 in Axes
 15703 | Lair:2   | Noticed a four-headed hydra
 15711 | Lair:2   | Killed an eight-headed hydra
 15738 | Lair:2   | Noticed a five-headed hydra
 15746 | Lair:2   | Killed a nine-headed hydra
 16604 | Lair:2   | Identified the +2 pair of gloves "Dethradghoan" {Rampage
                  | Regen+ MP+9 Str+4}
 17281 | Lair:3   | Reached XP level 13. HP: 107/118 MP: 12/12
 17334 | Lair:3   | Reached skill level 19 in Axes
 18008 | Lair:3   | Found a staircase to the Snake Pit.
 18247 | Lair:3   | Identified the ring "Juneag" {rPois MP+9}
 18618 | Lair:4   | Reached skill level 20 in Axes
 18882 | Lair:4   | Noticed Nessos
 18895 | Lair:4   | HP: 3/122 [Nessos/arrow (5)]
 18899 | Lair:4   | HP: 1/122 [Nessos/arrow (11)]
 18899 | Lair:4   | Shot with an arrow by Nessos

Illustrated notes

Levels and vault maps discovered:
D:1:      minmay_arrival_floating_metal, layout_loops_corners,
          shapermc_ecumenical_altar_notcrosses, minivault_11
D:2:      layout_basic, basic_altar
D:3:      layout_basic, gammafunk_ghost_icy
D:4:      minmay_chambers_of_twos, layout_loops_cross,
          minmay_temple_entry_fiery, minmay_fractal_squares_5, uniq_ijyb
D:5:      layout_rooms, serial_bayou_lagoon_a, uniq_grinder, uniq_menkaure
D:6:      layout_loops_ring, grunt_decor_fettered, kennysheep_small_circle
D:7:      layout_loops_ring, mainiacjoe_overflow_small_starburst,
          nicolae_elemental_shop
D:8:      layout_rooms
D:9:      layout_stronghold, ebering_ghost_reflecting_pool
D:10:     layout_small_grid, erik_lair_island, uniq_urug, uniq_nergalle,
          uniq_josephine, uniq_erica
D:11:     layout_rooms, minivault_25_ag
D:12:     layout_roguey, hiddenorc2_lemuel
Lair:1:   layout_roguey, grunt_megastairs_4, lemuel_fruit_tree, uniq_fannar,
          uniq_joseph
Lair:2:   layout_cave_pods, swamp_mist, eino_house_with_fridge,
          serial_bayou_shore_a, infiniplex_staircase_pool_2
Lair:3:   nzn_winding_woodlands_three_and_one
          [nzn_winding_woodlands_5x15_pathside_ponds,
          nzn_winding_woodlands_5x15_sawtooth,
          nzn_winding_woodlands_5x15_zeroes,
          nzn_winding_woodlands_center_diamonds], layout_chaotic_city,
          guppyfry_snake_entry_island
Lair:4:   layout_cave_pods, chequers_serial_rivers_micro_e, grunt_megastairs_3,
          uniq_sonja, uniq_nessos

Skill      XL: |  1  2  3  4  5  6  7  8  9 10 11 12 13 |
---------------+----------------------------------------+-----
Axes           | 4 5 6 7 8 10 11 14 16 18 20 | 20.3
Fighting       | 4 5 6 8 9 10 12 13 | 13.1
Armour         | 3 4 6 8 10 12 13 14 | 14.8
Dodging        | 3 |  3.2
Stealth        | |  0.8
Unarmed Combat | |  0.9
Evocations     | |  0.1

Action                   |  1- 3 |  4- 6 |  7- 9 | 10-12 | 13-15 || total
-------------------------+-------+-------+-------+-------+-------++-------
Melee: Hand axe          |    96 |   106 |   239 |       |       ||   441
       Headbutt          |    11 |    14 |    49 |    41 |    25 ||   140
       Unarmed           |       |     4 |       |       |       ||     4
       Punch             |       |       |     3 |       |       ||     3
       Executioner's axe |       |       |    25 |   286 |   137 ||   448
Invok: Berserk           |     1 |     4 |    13 |    17 |     5 ||    40
       Brothers in Arms  |       |       |       |       |     1 ||     1
Evoke: Lightning rod     |       |       |       |     2 |       ||     2
  Use: Scroll            |       |       |    15 |     5 |       ||    20
       Potion            |       |       |       |     2 |     3 ||     5
Armor: Animal skin       |     8 |       |       |       |       ||     8
       Chain mail        |    15 |    51 |    47 |       |       ||   113
       Crystal plate arm |       |       |   107 |   272 |    95 ||   474
Dodge: Dodged            |    44 |    54 |    75 |   115 |    55 ||   343
